 Dungeon Crawl Stone Soup version 0.30-a0-177-g1cb5dbfd7a (webtiles) character file.

Game seed: 902138086349471626

18662 gruber the Devastator (level 12, -14/67 HPs)
             Began as a Deep Elf Conjurer on Oct 2, 2022.
             Was a Priest of Vehumet.
             Demolished by a boulder beetle (49 damage)
             ... on level 1 of the Lair of Beasts.
             The game lasted 00:18:09 (14911 turns).

gruber the Devastator (Deep Elf Conjurer)          Turns: 14911, Time: 00:18:09

Health: -14/67     AC:  7    Str:  4    XL:     12   Next: 29%
Magic:  17/27      EV: 14    Int: 33    God:    Vehumet [***...]
Gold:   434        SH:  0    Dex: 10    Spells: 22/29 levels left

rFire   + . .      SeeInvis +    u - +6 dagger of the Foremost Wonders {flame, rPois rN++ Int+4 Dex-3 SInv}
rCold   . . .      Faith    .    (no shield)
rNeg    + + .      Spirit   .    a - +0 robe
rPois   +          Reflect  .    G - +3 helmet "Ulemam" {+Blink}
rElec   .          Harm     .    t - +0 cloak
rCorr   .          Rampage  .    (no gloves)
Will    +....                    (no boots)
Stlth   ++........               w - amulet of regeneration
HPRegen 1.11/turn                C - ring of poison resistance
MPRegen 0.20/turn                I - ring of protection from fire

@: no status effects
A: no striking features
a: Renounce Religion, Evoke Blink


You were on level 1 of the Lair of Beasts.
You worshipped Vehumet.
Vehumet was most pleased with you.
You visited 3 branches of the dungeon, and saw 14 of its levels.

You collected 741 gold pieces.
You spent 307 gold pieces at shops.

Inventory:

Hand Weapons
 u - the +6 dagger of the Foremost Wonders (weapon) {flame, rPois rN++ Int+4 Dex-3 SInv}
   (You found it on level 3 of the Dungeon)

   It burns those it strikes, dealing additional fire damage.
   Int:       It affects your intelligence (+4).
   Dex:       It affects your dexterity (-3).
   rPois:     It protects you from poison.
   rN:        It greatly protects you from negative energy.
   SInv:      It lets you see invisible.
Missiles
 y - 3 throwing nets
Armour
 a - a +0 robe (worn)
 t - a +0 cloak (worn)
 G - the +3 helmet "Ulemam" (worn) {+Blink}
   (You bought it in a shop on level 2 of the Dungeon)

   +Blink:    It lets you blink.
Magical Staves
 m - a staff of death
Jewellery
 f - an amulet of faith
 p - a ring of ice
 w - an amulet of regeneration (around neck)
 C - a ring of poison resistance (left hand)
 I - a ring of protection from fire (right hand)
 L - a ring of willpower
Wands
 E - a wand of roots (3)
Scrolls
 e - 2 scrolls of enchant weapon {unknown}
 g - a scroll of blinking {unknown}
 i - 4 scrolls of poison {unknown}
 j - 11 scrolls of identify {unknown}
 l - 3 scrolls of amnesia {unknown}
 q - 4 scrolls of fear {unknown}
 r - 4 scrolls of teleportation {unknown}
 v - a scroll of immolation {unknown}
 z - a scroll of noise {unknown}
 A - a scroll of vulnerability {unknown}
 B - a scroll of butterflies {unknown}
 F - a scroll of brand weapon {unknown}
 J - a scroll of enchant armour {unknown}
 M - a scroll of acquirement {unknown}
Potions
 c - 4 potions of haste {unknown}
 d - 4 potions of flight {unknown}
 h - 3 potions of degeneration {unknown}
 k - 2 potions of might {unknown}
 n - a potion of lignification {unknown}
 o - a potion of curing
 s - 2 potions of mutation {unknown}
 x - 2 potions of brilliance {unknown}
 D - a potion of cancellation {unknown}
 H - a potion of heal wounds {unknown}
 K - a potion of invisibility {unknown}


   Skills:
 - Level 4.3 Fighting
 - Level 8.0 Dodging
 - Level 2.4 Stealth
 * Level 9.4 Spellcasting
 - Level 19.0 Conjurations


You had 22 spell levels left.
You knew the following spells:

 Your Spells              Type           Power      Damage    Failure   Level
a - Magic Dart            Conj           100%       1d8       0%          1
b - Searing Ray           Conj           100%       2d8       0%          2
c - Iskenderun's Mystic   Conj/Tloc      67%        2d14      1%          4

Your spell library contained the following spells:

 Spells                   Type           Power      Damage    Failure   Level
 Ignite Poison            Fire/Tmut/Pois 15%        N/A       2%          3
 Shock                    Conj/Air       100%       1d9       1%          1
 Dazzling Flash           Conj/Hex       100%       N/A       1%          3
 Hailstorm                Conj/Ice       67%        3d14      1%          3
 Fulminant Prism          Conj/Hex       33%        3d16      1%          4
 Lightning Bolt           Conj/Air       33%        1d51      1%          5
 Blink                    Tloc           30%        N/A       4%          2
 Swiftness                Air            15%        N/A       9%          3
 Airstrike                Air            7%         2d(2-18)  9%          4
 Ice Form                 Ice/Tmut       15%        N/A       30%         4
 Manifold Assault         Tloc           15%        N/A       30%         4
 Summon Lightning Spire   Summ/Air       15%        N/A       30%         4
 Simulacrum               Ice/Necr       7%         N/A       99%         6
 Storm Form               Tmut/Air       7%         N/A       100%        7


Dungeon Overview and Level Annotations

Branches:
Dungeon (12/15)            Temple (1/1) D:4            Lair (1/5) D:11
    Orc (0/2) D:10

Altars:
Ashenzari
Cheibriados
Dithmenos
Elyvilon
Fedhas
Gozag
Hepliaklqana
Kikubaaqudgha
Nemelex Xobeh
Okawaru
Qazlal
Ru
Sif Muna
Trog
Uskayaw
Vehumet
Wu Jian
Xom
Yredelemnul
Zin
The Shining One
Lugonu

Shops:
D:2 [=(=[   D:8 [:   D:10 ?   D:12 (

Annotations:
D:3 2 transporters, p0werm0de's ghost, amateur OpRe
D:8 1 runed translucent door, 2 transporters, kthxbai's ghost, novice VSNe
D:9 Harold
D:12 Jorgrun


Message History

Confirm with . or Enter, or press ? or * to list all spells.
Aiming: Searing Ray (safe; 0% risk of failure)
Press: ? - help, Shift-Dir - straight line, f/p - boulder beetle
Aim: a boulder beetle (lightly wounded, rolling, 100% to hit)
The searing ray hits the boulder beetle.
The boulder beetle is lightly wounded. (Press . to maintain the ray.) Unknown command.
The searing ray hits the boulder beetle but does no damage.
The boulder beetle is lightly wounded.
The boulder beetle hits you!!!
Ouch! That really hurt!
The boulder beetle stops rolling and uncurls.
Casting: Searing Ray (safe; 0% risk of failure)
Confirm with . or Enter, or press ? or * to list all spells.
You erupt in a blast of force!
The mystic blast hits the bush!
The bush is lightly damaged.
The mystic blast hits the boulder beetle!!
The boulder beetle is moderately wounded.
The boulder beetle is knocked back by the mystic blast.
Unknown command.
Unknown command.
Casting: Iskenderun's Mystic Blast (safe; 1% risk of failure)
Confirm with . or Enter, or press ? or * to list all spells.
You can't see any susceptible monsters within range! (Use Z to cast anyway.) Unknown command.
The boulder beetle waves its antennae.
The boulder beetle curls into a ball and begins rolling!
Casting: Iskenderun's Mystic Blast (safe; 1% risk of failure)
Confirm with . or Enter, or press ? or * to list all spells.
You don't know that spell.
Unknown command.
Casting: Iskenderun's Mystic Blast (safe; 1% risk of failure)
Confirm with . or Enter, or press ? or * to list all spells.
You erupt in a blast of force!
The mystic blast hits the boulder beetle but does no damage.
The boulder beetle is moderately wounded.
The boulder beetle hits you!!!
Ouch! That really hurt!
You die...

.........##...####..............
............ ...................
........... #......###.....
....!.....# ##.........#
..........# #..##.....#
..........# ##.#####..##
..........## ##..# ##.###
...........#####..## ##...###
.........P.°°○B@..# #......##
#.......P#...#.##.# #..#.##...
#...##.P##P..###.#.# ##..#####.
##.....####..# # ## #.#. #.
#.#.#. #### #.##. #. . #### ##
#. #. ## #..# ###


You could see a boulder beetle (rolling).

Vanquished Creatures
  Azrael (D:12)
  4 two-headed ogres
  A wizard (D:12)
  Pikel (D:8)
  2 ugly things (D:11)
  A gargoyle (D:12)
  An unseen horror (D:12)
  3 komodo dragons
  A kobold demonologist (D:12)
  4 trolls
  Grinder (D:5)
  2 slime creatures (D:12)
  3 shadows
  3 wraiths
  20 yaks
  5 wyverns
  2 vampires
  5 fire elementals (D:12)
  2 basilisks (D:11)
  8 vampire mosquitoes
  Edmund (D:6)
  Duvessa (D:5)
  3 hell hounds (D:12)
  A water moccasin (D:6)
  3 acid dragons
  A sky beast (D:6)
  4 ice beasts
  4 orc warriors
  3 black bears
  2 centaurs
  5 ogres
  4 lemures (D:8)
  2 phantoms
  Blork the orc (D:6)
  2 bullfrogs
  A kobold brigand (D:9)
  2 necrophages
  5 scorpions
  Dowan (D:5)
  2 howler monkeys
  3 hounds
  3 orc priests
  A gnoll bouda (D:8)
  Natasha (D:2)
  3 iguanas
  3 orc wizards
  12 gnolls
  3 adders
  A shadow imp (D:6)
  12 white imps (D:12)
  3 worms (D:4)
  3 dart slugs
  30 orcs
  4 bats
  4 endoplasms
  3 giant cockroaches
  4 goblins
  9 hobgoblins
  7 kobolds
  A quokka (D:1)
  3 ball pythons
  3 frilled lizards
  3 rats
237 creatures vanquished.

Vanquished Creatures (others)
  A fungus (Lair:1)
  2 plants (D:5)
3 creatures vanquished.

Grand Total: 240 creatures vanquished

Notes
Turn   | Place    | Note
-------+----------+-------------------------------------------
     0 | D:1      | gruber the Deep Elf Conjurer began the quest for the Orb.
     0 | D:1      | Reached XP level 1. HP: 10/10 MP: 6/6
   227 | D:1      | Reached XP level 2. HP: 15/15 MP: 1/8
   347 | D:1      | Reached skill level 5 in Conjurations
   548 | D:1      | Found a faded altar of an unknown god.
   937 | D:2      | Found Siopteif's Jewellery Shop.
   954 | D:2      | Noticed Natasha
  1003 | D:1      | Learned a level 2 spell: Searing Ray
  1139 | D:2      | Found Qeghy's Weapon Shop.
  1269 | D:2      | Killed Natasha
  1270 | D:2      | Reached XP level 3. HP: 8/19 MP: 3/9
  1372 | D:2      | Found Uwnyda's Antique Armour Shop.
  1429 | D:2      | Found Leruy's Jewellery Shop.
  1520 | D:2      | Found Ixza Eli's Antique Armour Emporium.
  1527 | D:2      | Bought a smoking robe for 108 gold pieces
  1527 | D:2      | Identified the +0 robe of Recklessness {-Cast rElec Regen+
                  | Dex+7} (You bought it in a shop on level 2 of the Dungeon)
  1870 | D:3      | Found a glowing silver altar of Zin.
  1921 | D:3      | Found an ornate altar of the Wu Jian Council.
  1942 | D:3      | Identified the +6 dagger of the Foremost Wonders {flame,
                  | rPois rN++ Int+4 Dex-3 SInv}
  2263 | D:3      | Noticed p0werm0de's ghost (amateur OpRe)
  2266 | D:3      | Found a transporter.
  2277 | D:3      | Found an opulent altar of Gozag.
  2370 | D:3      | Found a transporter.
  2459 | D:4      | Noticed a necrophage
  2465 | D:4      | Killed a necrophage
  2466 | D:4      | Reached skill level 6 in Conjurations
  2466 | D:4      | Reached XP level 4. HP: 19/24 MP: 2/11
  2705 | D:4      | Reached XP level 5. HP: 28/28 MP: 9/12
  2966 | D:4      | Found a staircase to the Ecumenical Temple.
  3005 | Temple   | Entered the Ecumenical Temple
  3192 | D:4      | Found a bloodstained altar of Trog.
  3229 | D:4      | Reached skill level 7 in Conjurations
  3580 | D:4      | Found a snail-covered altar of Cheibriados.
  4352 | D:5      | Entered Level 5 of the Dungeon
  4352 | D:5      | Noticed Duvessa
  4352 | D:5      | Noticed Dowan
  4352 | D:5      | Noticed a phantom
  4365 | D:5      | Killed Duvessa
  4366 | D:5      | Reached skill level 5 in Spellcasting
  4366 | D:5      | Reached XP level 6. HP: 15/32 MP: 4/15
  4373 | D:5      | Reached skill level 8 in Conjurations
  4475 | D:5      | Killed Dowan
  4500 | D:5      | Noticed a water moccasin
  4740 | D:5      | Found a sacrificial altar of Ru.
  4771 | D:5      | Reached XP level 7. HP: 27/36 MP: 9/17
  4935 | D:5      | Reached skill level 9 in Conjurations
  5127 | D:5      | Noticed Grinder
  5128 | D:5      | Paralysed by Grinder for 2 turns
  5140 | D:5      | Paralysed by Grinder for 4 turns
  5144 | D:5      | Killed Grinder
  5145 | D:5      | Reached XP level 8. HP: 33/41 MP: 7/20
  5176 | D:5      | Reached skill level 10 in Conjurations
  5635 | D:5      | Found a radiant altar of Vehumet.
  5661 | D:5      | Became a worshipper of Vehumet
  5728 | D:6      | Noticed Edmund
  5734 | D:6      | Killed Edmund
  5843 | D:6      | Noticed Blork the orc
  5852 | D:6      | Killed Blork the orc
  5916 | D:6      | Learned a level 4 spell: Iskenderun's Mystic Blast
  5929 | D:6      | Reached skill level 11 in Conjurations
  6180 | D:6      | Reached XP level 9. HP: 45/45 MP: 11/24
  6320 | D:6      | Reached skill level 12 in Conjurations
  7303 | D:7      | Reached skill level 13 in Conjurations
  7536 | D:7      | Reached * piety under Vehumet
  7536 | D:7      | Offered knowledge of Foxfire by Vehumet.
  7610 | D:7      | Noticed a komodo dragon
  7660 | D:7      | Killed a komodo dragon
  7792 | D:7      | Found a stormy altar of Qazlal.
  8036 | D:8      | Noticed a +0 falchion
  8036 | D:8      | Noticed a +0 spear
  8037 | D:8      | Noticed a +0 dagger
  8038 | D:8      | Noticed a +0 short sword
  8038 | D:8      | Noticed a +0 falchion
  8038 | D:8      | Noticed a +0 short sword
  8039 | D:8      | Noticed a +0 spear
  8039 | D:8      | Noticed a +0 dagger
  8048 | D:8      | Found a hide-covered altar of Uskayaw.
  8182 | D:8      | Reached skill level 14 in Conjurations
  8417 | D:8      | Noticed Pikel
  8420 | D:8      | Noticed a two-headed ogre
  8432 | D:8      | Killed Pikel
  8432 | D:8      | Killed a two-headed ogre
  8433 | D:8      | Reached skill level 15 in Conjurations
  8433 | D:8      | Reached XP level 10. HP: 41/50 MP: 5/25
  8576 | D:8      | Found Qapnet's Antique Armour Emporium.
  8872 | D:2      | Bought a shimmering helmet for 199 gold pieces
  8872 | D:2      | Identified the +3 helmet "Ulemam" {+Blink} (You bought it
                  | in a shop on level 2 of the Dungeon)
  9089 | D:8      | Found a runed translucent door.
  9092 | D:8      | Noticed kthxbai's ghost (novice VSNe)
  9266 | D:8      | Found Gago's Book Shoppe.
  9277 | D:8      | Found a transporter.
  9281 | D:8      | Found a corrupted altar of Lugonu.
  9283 | D:8      | Noticed a green ugly thing
  9309 | D:8      | Reached skill level 5 in Dodging
  9429 | D:8      | Noticed a brown ugly thing
  9430 | D:8      | Noticed a green ugly thing
  9432 | D:8      | Found a transporter.
  9989 | D:9      | Noticed Harold
 10007 | D:10     | Entered Level 10 of the Dungeon
 10266 | D:10     | Found a hazy altar of Hepliaklqana.
 10281 | D:10     | Found a glowing golden altar of the Shining One.
 10282 | D:10     | Reached ** piety under Vehumet
 10496 | D:10     | Offered knowledge of Scorch by Vehumet.
 10558 | D:10     | Found a staircase to the Orcish Mines.
 10595 | D:10     | Reached skill level 16 in Conjurations
 10595 | D:10     | Reached XP level 11. HP: 22/54 MP: 17/26
 10749 | D:10     | Found an iron altar of Okawaru.
 10793 | D:10     | Found a shimmering blue altar of Sif Muna.
 10928 | D:10     | Found Xiosiog's Magic Scroll Shoppe.
 10965 | D:10     | Noticed a two-headed ogre
 11052 | D:10     | Killed a two-headed ogre
 11429 | D:11     | Noticed a cyan ugly thing
 11436 | D:11     | Killed a cyan ugly thing
 11496 | D:11     | Reached skill level 17 in Conjurations
 11532 | D:11     | Noticed a two-headed ogre
 11544 | D:11     | Killed a two-headed ogre
 12122 | D:11     | Noticed a green ugly thing
 12137 | D:11     | Killed a green ugly thing
 12362 | D:11     | Reached skill level 18 in Conjurations
 12666 | D:11     | Found a staircase to the Lair.
 13141 | D:12     | Noticed a wizard
 13154 | D:12     | Killed a wizard
 13154 | D:12     | Offered knowledge of Kindle Blastsparks by Vehumet.
 13767 | D:12     | Reached *** piety under Vehumet
 13957 | D:12     | Found Vopray's Weapon Emporium.
 13990 | D:12     | Reached XP level 12. HP: 59/59 MP: 18/27
 14007 | D:12     | Reached skill level 19 in Conjurations
 14085 | D:12     | Noticed Azrael
 14109 | D:12     | Reached skill level 1 in Fighting
 14121 | D:12     | HP: 3/61 [Azrael/+4 scimitar of flaming (2)]
 14129 | D:12     | Killed Azrael
 14130 | D:12     | Offered knowledge of Ignite Poison by Vehumet.
 14214 | D:12     | Noticed a two-headed ogre
 14219 | D:12     | Killed a two-headed ogre
 14425 | D:12     | Noticed Jorgrun
 14609 | Lair:1   | Entered Level 1 of the Lair of Beasts
 14897 | Lair:1   | Noticed a boulder beetle
 14911 | Lair:1   | Demolished by a boulder beetle

Illustrated notes

Levels and vault maps discovered:
D:1:      dpeg_arrival_ternary, layout_basic, dreamdust_ecumenical_altar_grove
D:2:      layout_rooms, serial_rivers, chequers_serial_rivers_micro_d,
          chequers_serial_rivers_small_b, chequers_serial_rivers_micro_e,
          chequers_serial_rivers_micro_d, serial_shops, shop,
          nicolae_square_shop, shop, shop, shop, uniq_natasha
D:3:      layout_basic, nicolae_gozag_seed_capital,
          mainiacjoe_overflow_catch_the_wave, gammafunk_ghost_arena
D:4:      layout_layer_cave, mainiacjoe_overflow_six_doors_small,
          lemuel_doored_altar, minmay_temple_entry_large_hall
D:5:      layout_loops_ring, nicolae_overflow_hidden_temple, marbit_many_paths,
          corexii_shack, wad_floor_pattern_2, uniq_duvessa, uniq_grinder
D:6:      layout_basic, uniq_blork_the_orc, uniq_edmund
D:7:      nicolae_cairo_tiling_large, layout_cave_pools, kennysheep_little_box,
          chequers_jeans, chequers_serial_rivers_small_3,
          nicolae_underground_beach
D:8:      gammafunk_corrupted_shrine, layout_gridville,
          nicolae_uskayaw_en_pointe, ebering_ghost_reflecting_pool,
          serial_shops, shop, nicolae_shop_trees, uniq_pikel
D:9:      layout_loops_ring, mainiacjoe_overflow_small_starburst,
          ebering_ghost_disaster_area, enter_bailey_1,
          hangedman_abyss_or_decor_lesser_grid, uniq_harold
D:10:     layout_roguey, nicolae_sif_muna_little_library, lemuel_round_altar,
          mainiacjoe_overflow_large_starburst, orc_0_dummy, serial_shops, shop
D:11:     layout_basic, erik_lair_dragon
D:12:     layout_loops_corners, portal_ice_cave_entry_imps, serial_shops, shop,
          hex_medium, kennysheep_generic_room_10, uniq_azrael, uniq_jorgrun
Temple:   hellmonk_temple_forest_ring
Lair:1:   layout_layer_cave, gauntlet_entry_generic

Skill      XL: |  1  2  3  4  5  6  7  8  9 10 11 12 |
---------------+-------------------------------------+-----
Conjurations   | 5 6 7 8 9 11 15 16 18 19 | 19.0
Spellcasting   | 5 7 9 |  9.4
Dodging        | 8 |  8.0
Fighting       | 4 |  4.3
Stealth        | |  2.4

Action                   |  1- 3 |  4- 6 |  7- 9 | 10-12 || total
-------------------------+-------+-------+-------+-------++-------
Melee: Punch             |     1 |       |       |     1 ||     2
       Unarmed           |     1 |       |       |       ||     1
       Dagger            |       |     2 |    23 |     8 ||    33
 Cast: Magic Dart        |    58 |    63 |    47 |    42 ||   210
       Searing Ray       |     4 |     9 |    43 |    67 ||   123
       Iskenderun's Myst |       |       |    27 |   122 ||   149
Evoke: Wand              |       |       |       |     1 ||     1
  Use: Potion            |       |       |       |     4 ||     4
Armor: Robe              |       |     2 |     7 |    22 ||    31
Dodge: Dodged            |     5 |     7 |    32 |    84 ||   128

Table legend: (Time is in decaauts)
 A = Elapsed time spent in this place.
 B = Non-inter-level travel time spent in this place.
 C = Inter-level travel time spent in this place.
 D = Time resting spent in this place.
 E = Time spent auto-exploring this place.
 F = Levels seen in this place.
 G = Mean time per level.
                   A        B        C        D        E       F      G
               +--------+--------+--------+--------+--------+-----+--------+
         Total |  14942 |  14193 |    749 |    185 |  12198 |  14 | 1067.3 |
       Dungeon |  14492 |  13761 |    731 |    185 |  11809 |  12 | 1207.7 |
        Temple |    170 |    152 |     18 |      0 |    144 |   1 |  170.0 |
          Lair |    278 |    278 |      0 |      0 |    245 |   1 |  278.0 |
               +--------+--------+--------+--------+--------+-----+--------+

Top non-repeatable levels by time:
     D:4: 1842 daAuts
     D:8: 1785 daAuts
    D:11: 1691 daAuts
    D:12: 1555 daAuts
    D:10: 1388 daAuts
     D:5: 1315 daAuts
     D:6: 1257 daAuts
     D:7: 1068 daAuts
     D:1: 1021 daAuts
     D:3: 911 daAuts
     D:2: 606 daAuts
  Lair:1: 278 daAuts
  Temple: 170 daAuts
     D:9: 48 daAuts
